 Dungeon Sprint DCSS version 0.29-a0-1027-gcd8c55af63 (webtiles) character file.

Game seed: 756984515305896850

112 mhtbhm the Covert (level 4, -1/28 (34) HPs)
             Began as a Spriggan Brigand on Aug 13, 2022.
             Slain by a necrophage (3 damage)
             ... in the Dungeon (Sprint III: "The Ten Rune Challenge").
             The game lasted 00:00:56 (372 turns).

mhtbhm the Covert (Spriggan Brigand)                 Turns: 372, Time: 00:00:57

HP:   -1/28 (34)    AC:  3    Str:  7    XL:     4   Next: 63%
MP:   5/5           EV: 16    Int: 12    God:
Gold: 20            SH:  0    Dex: 18    Spells: 3/3 levels left

rFire   . . .      SeeInvis +   a - +2 dagger
rCold   . . .      Faith    .   (no shield)
rNeg    . . .      Spirit   .   b - +0 robe
rPois   .          Reflect  .   (helmet restricted)
rElec   .          Harm     .   c - +0 cloak
rCorr   .          Rampage  .   (gloves unavailable)
Will    .....      NoTele   +   (boots unavailable)
Stlth   ..........              (no amulet)
HPRegen 0.09/turn               (no ring)
MPRegen 0.09/turn               (no ring)

@: berserking, heavily drained, very quick
A: very small, no large weapons, unfitting armour, see invisible, speed 3, sense
surroundings 1
a: no special abilities


You were in the Dungeon.
You visited 1 branch You collected 20 gold pieces.

Inventory:

Hand Weapons
 a - a +2 dagger (weapon)
Missiles
 d - 9 poisoned darts (quivered)
 e - 3 curare-tipped darts
Armour
 b - a +0 robe (worn)
 c - a +0 cloak (worn)
Scrolls
 k - a scroll of blinking
 l - 2 scrolls of immolation
 o - a scroll of magic mapping
Potions
 f - a potion of curing
 g - a potion of heal wounds
 h - 2 potions of haste
 i - 2 potions of magic
 n - 4 potions of flight
 p - 3 potions of mutation


   Skills:
 + Level 2.6 Fighting
 + Level 3.8 Short Blades
 + Level 3.2 Throwing
 + Level 1.4 Dodging
 + Level 13.4 Stealth


You had 3 spell levels left.
You didn't know any spells.
Your spell library contained the following spells:

 Spells                   Type           Power      Damage    Failure   Level
 Blink                    Tloc           0%         N/A       45%         2
 Lesser Beckoning         Tloc           0%         N/A       69%         3
 Manifold Assault         Tloc           0%         N/A       100%        5


Dungeon Overview and Level Annotations

Branches:
Dungeon (1/1)

Altars:
Dithmenos
Ru
Yredelemnul


Innate Abilities, Weirdness & Mutations

You are very small and have problems with some larger weapons.
You are too small for most types of armour.
You have supernaturally acute eyesight. (SInv)
You cover ground extremely quickly. (Speed+++)
You passively map a small area around you.


Message History

* * * LOW HITPOINT WARNING * * *
You are too injured to fight recklessly!
You are too injured to fight recklessly!
You are too injured to fight recklessly!
You are too injured to fight recklessly!
You are too injured to fight recklessly!
You are too injured to fight recklessly!
You are too injured to fight recklessly!
You are too injured to fight recklessly!
You are too injured to fight recklessly!
You are too injured to fight recklessly!
You are too injured to fight recklessly!
You are too injured to fight recklessly!
You are too injured to fight recklessly!
You are too injured to fight recklessly!
You are too injured to fight recklessly!
You are too injured to fight recklessly!
You are too injured to fight recklessly!
You aren't carrying any items that you can evoke.
Unknown command.
As you read the scroll of identify, it crumbles to dust.
l - 2 scrolls of immolation
As you read the scroll of identify, it crumbles to dust.
o - a scroll of magic mapping
There is a fountain of clear blue water here.
You aren't carrying any items that you can evoke.
Unknown command.
Okay, then.
A red film seems to cover your vision as you go berserk!
You feel yourself moving faster!
You feel mighty!
You are too injured to fight recklessly!
You are too injured to fight recklessly!
You are too injured to fight recklessly!
You are too injured to fight recklessly!
You are too injured to fight recklessly!
You feel a strong urge to attack something.
The necrophage hits you.
* * * LOW HITPOINT WARNING * * *
You feel drained.
You die...

▓▓▓▓▓ ▓▓▓ * #...#### ##.# *
* #### #......#####..# _
#__# ∩* #.......#..#..#,
#/_# ,
##.##...#..#..###+#+###'##,
, ##.###..##'#..#..........#
,
###.##..###...'.@n.......#,,
,
#..##..####...#...######+#,
* ...##†.###....#.⌠.# _ ,,
** * ..##...##.....#...#_ *,
* ~ + .##....#......#+###_
,, *, ###..##.#.....# , _ *
# #.. ####....# _ * ▓ ▓▓▓
▓▓▓▓▓▓ * * * , * * ~


You could see a necrophage.

Vanquished Creatures
  A water elemental (D)
  A necromancer (D)
  A human (D)
  A phantom (D)
  2 endoplasms (D)
  2 rats (D)
8 creatures vanquished.

Notes
Turn   | Place    | Note
-------+----------+-------------------------------------------
     0 | D        | mhtbhm the Spriggan Brigand began the quest for the Orb.
     0 | D        | Reached XP level 1. HP: 10/10 MP: 2/2
    10 | D        | Reached skill level 6 in Stealth
    12 | D        | Reached skill level 7 in Stealth
    92 | D        | Reached skill level 8 in Stealth
    92 | D        | Reached XP level 2. HP: 15/15 MP: 3/3
   106 | D        | Reached skill level 9 in Stealth
   332 | D        | Gained mutation: You passively map a small area around you.
                  | [potion of mutation]
   341 | D        | Noticed a water elemental
   343 | D        | Killed a water elemental
   344 | D        | Reached skill level 12 in Stealth
   344 | D        | Reached XP level 3. HP: 19/19 MP: 4/4
   344 | D        | Reached XP level 4. HP: 23/23 MP: 5/5
   353 | D        | Found a shadowy altar of Dithmenos.
   353 | D        | Noticed a necrophage
   354 | D        | Found a basalt altar of Yredelemnul.
   354 | D        | Found a sacrificial altar of Ru.
   356 | D        | Reached skill level 13 in Stealth
   372 | D        | Slain by a necrophage

Illustrated notes

Levels and vault maps discovered:
D:        dungeon_sprint_mu [sprint_mu_entry_cave, sprint_mu_temple_rooms,
          sprint_mu_d1_horrors, sprint_mu_d2_genie, sprint_mu_d3_branching,
          sprint_mu_orc_legion, sprint_mu_elf_gauntlet, sprint_mu_hive_nellie,
          sprint_mu_lair_fedhas, sprint_mu_vaults_butterflies,
          sprint_mu_slime_circle, sprint_mu_swamp_cave, sprint_mu_shoals_kraken,
          sprint_mu_blade_basic, sprint_mu_crypt_lich, sprint_mu_tomb_spiral,
          sprint_mu_vestibule_basic, sprint_mu_gehenna_hellfire,
          sprint_mu_dis_giant, sprint_mu_tartarus_statrot,
          sprint_mu_cocytus_islands, sprint_mu_zot1]

Skill      XL: |  1  2  3  4 |
---------------+-------------+-----
Stealth        | 8 12 13 | 13.4
Fighting       | 2 |  2.6
Short Blades   | 3 |  3.8
Throwing       | 3 |  3.2
Dodging        | |  1.4

Action                   |  1- 3 |  4- 6 || total
-------------------------+-------+-------++-------
Melee: Dagger            |    11 |     6 ||    17
Throw: Dart              |     2 |       ||     2
  Use: Potion            |     1 |     1 ||     2
       Scroll            |       |     2 ||     2
 Stab: Sleeping          |     6 |     1 ||     7
Armor: Robe              |     1 |       ||     1
Dodge: Dodged            |     2 |     2 ||     4

Table legend: (Time is in decaauts)
 A = Elapsed time spent in this place.
 B = Non-inter-level travel time spent in this place.
 C = Inter-level travel time spent in this place.
 D = Time resting spent in this place.
 E = Time spent auto-exploring this place.
 F = Levels seen in this place.
 G = Mean time per level.
                   A        B        C        D        E       F      G
               +--------+--------+--------+--------+--------+-----+--------+
         Total |    330 |    330 |      0 |    198 |     57 |   1 |  330.0 |
       Dungeon |    330 |    330 |      0 |    198 |     57 |   1 |  330.0 |
               +--------+--------+--------+--------+--------+-----+--------+

Top non-repeatable levels by time:
       D: 330 daAuts
